 Dungeon Crawl Stone Soup version 0.21-a0-440-g28109cb (webtiles) character file.

54 Beatriz the Skirmisher (level 3, -2/30 HPs)
             Began as a Demonspawn Abyssal Knight on Nov 10, 2017.
             Was a Believer of Lugonu.
             Slain by an ogre
             ... wielding a +0 giant club
              (10 damage)
             ... on level 2 of the Dungeon.
             The game lasted 00:02:43 (1457 turns).

Beatriz the Skirmisher (Demonspawn Abyssal Knight)  Turns: 1457, Time: 00:02:44

Health: -2/30      AC: 10    Str: 13    XL:     3   Next: 66%
Magic:  4/4        EV:  6    Int: 13    God:    Lugonu [**....]
Gold:   97         SH:  0    Dex: 20    Spells: 2/2 levels left

rFire    . . .     SeeInvis +   a - +1 hand axe
rCold    . . .     Gourm    .   (no shield)
rNeg     . . .     Faith    .   p - +0 chain mail
rPois    .         Spirit   .   j - +0 helmet {SInv}
rElec    .         Reflect  .   (no cloak)
rCorr    +         Harm     .   o - +0 pair of gloves
MR       .....                  (no boots)
Stlth    ..........             (no amulet)
HPRegen  0.10/turn              e - ring "Poolosy" {rCorr Dex+8}
MPRegen  0.09/turn              b - ring of wizardry

@: no status effects
A: hooves 1
a: Depart the Abyss, Bend Space, Renounce Religion


You were on level 2 of the Dungeon.
You worshipped Lugonu.
Lugonu was pleased with you.
You were hungry.

You visited 1 branch of the dungeon, and saw 2 of its levels.
You visited the Abyss 1 time.

You collected 97 gold pieces.

Inventory:

Hand Weapons
 a - a +1 hand axe (weapon)
Armour
 j - a +0 helmet of see invisible (worn)
 o - a +0 pair of gloves (worn)
 p - a +0 chain mail (worn)
Jewellery
 b - a ring of wizardry (right hand)
 e - the ring "Poolosy" (left hand) {rCorr Dex+8}
   (You found it on level 2 of the Abyss)

   [ring of resist corrosion]

   It affects your dexterity (+8).
Scrolls
 d - a scroll of fear {unknown}
 f - 2 scrolls of remove curse {unknown}
 k - a scroll of noise {unknown}
 l - 3 scrolls of identify {unknown}
Potions
 h - a potion of ambrosia {unknown}
 i - 2 potions of curing {unknown}
 m - a potion of might {unknown}
 n - a potion of lignification {unknown}
Comestibles
 c - a bread ration


   Skills:
 + Level 3.9 Fighting
 * Level 2.6 Axes
 * Level 2.0 Armour
 - Level 0.8 Dodging
 + Level 2.5 Invocations


You had 2 spell levels left.
You didn't know any spells.

Dungeon Overview and Level Annotations

Branches:
Dungeon (2/15)

Altars:


Innate Abilities, Weirdness & Mutations

You have large cloven feet.


Message History

An ogre is nearby!
You are too injured to fight recklessly!
An ogre is nearby!
You are too injured to fight recklessly!
An ogre is nearby!
You are too injured to fight recklessly!
An ogre is nearby!
You are too injured to fight recklessly!
It was a potion of magic.
Magic courses through your body. The ogre closely misses you.
You hit the ogre.
The ogre is heavily wounded.
You hit the ogre. Your kick misses the ogre.
The ogre is heavily wounded.
The ogre hits you with a giant club!
* * * LOW HITPOINT WARNING * * *
You hit the ogre. You kick the ogre.
The ogre is severely wounded.
The ogre hits you with a giant club!
You die...

.........................#
#.
.##>#..##############.#.##
#. #.#..######## #.#.# #.
. #...).....# #.#.# #. ..
#.#.##.##.# #.#.# #. ..
#.#.##.##.### #.#.# #. ..
#######.....# #.#.# #.
###.#.## #. .# #. #...@#
#. #......O...... #.
####...####..# ## ##.##
####### #.# #...... ..#
#)##### ..# #.# #... #.#
#.#


You could see an ogre.

Vanquished Creatures
  2 oozes (D:1)
  2 dart slugs (D:1)
  4 leopard geckos
  4 bats
  4 goblins
  8 hobgoblins
  3 kobolds (D:1)
  2 ball pythons (D:1)
  4 frilled lizards (D:1)
  A leopard gecko skeleton (D:2)
  2 rats
36 creatures vanquished.

Vanquished Creatures (others)
  A lurking horror (Abyss:2)
1 creature vanquished.

Grand Total: 37 creatures vanquished

Notes
Turn   | Place    | Note
-------+----------+-------------------------------------------
     0 | Abyss:1  | Beatriz the Demonspawn Abyssal Knight began the quest for the Orb.
     0 | Abyss:1  | Reached XP level 1. HP: 18/18 MP: 2/2
    32 | Abyss:2  | Got a glittering iron ring
    42 | Abyss:2  | Identified the ring "Poolosy" {rCorr Dex+8} (You found it on level 2 of the Abyss)
    85 | Abyss:2  | Noticed an orange demon
   128 | Abyss:3  | Noticed a wretched star
   128 | D:1      | Escaped the Abyss
   322 | D:1      | Reached * piety under Lugonu
   322 | D:1      | Gained mutation: You have large cloven feet. [demonic ancestry]
   322 | D:1      | Reached XP level 2. HP: 19/24 MP: 3/3
   778 | D:1      | Reached XP level 3. HP: 23/30 MP: 4/4
  1245 | D:2      | Reached ** piety under Lugonu
  1448 | D:2      | Noticed an ogre
  1457 | D:2      | Slain by an ogre

Vault maps used:
D:1:      mrwooster_arrival_statue_3
D:2:      lemuel_upstairs_altar, lemuel_coloured_pillars_altar,
          minmay_fountain_box, uniq_robin
Abyss:3:  evilmike_abyss_rune_siren_acolytes

Skill      XL: |  1  2 |
---------------+-------+-----
Axes           | 2 |  2.6
Armour         | 2 |  2.0
Fighting       | |  3.9
Dodging        | |  0.8
Invocations    | |  2.5

Action                   || total
-------------------------++-------
Melee: Hand axe          ||    95
       Kick              ||    22
Invok: Depart the Abyss  ||     1
  Use: Potion            ||     1
 Stab: Sleeping          ||     1
  Eat: Chunk             ||     1
Armor: Leather armour    ||    15
       Chain mail        ||    11
Dodge: Dodged            ||    50

Table legend:
 A = Spawn XP
 B = Non-spawn XP
 C = Spawn XP percentage of total XP
 D = Spawn monster count
 E = Non-spawn monster count
 F = Spawn count percentage of total count
 G = Total turns spent on level
                    A         B        C        D         E        F      G
               +---------+---------+-------+---------+---------+-------+---------
         Total |       0 |      78 |   0.0 |       0 |      36 |   0.0 |  1457
               +---------+---------+-------+---------+---------+-------+---------
           D:1 |       0 |      65 |   0.0 |       0 |      29 |   0.0 |  1115
           D:2 |       0 |      13 |   0.0 |       0 |       7 |   0.0 |   214
               +---------+---------+-------+---------+---------+-------+---------
